 Dungeon Crawl Stone Soup version 0.22-a0-833-g8522bf8125 (webtiles) character file.

34 Mirvelgyr the Sneak (level 3, -6/16 HPs)
             Began as a Spriggan Enchanter on July 25, 2018.
             Killed by nerve-wracking pain
             ... invoked by Jessica
              (9 damage)
             ... on level 2 of the Dungeon.
             The game lasted 00:03:36 (1427 turns).

Mirvelgyr the Sneak (Spriggan Enchanter)            Turns: 1427, Time: 00:03:36

Health: -6/16      AC:  2    Str:  9    XL:     3   Next: 14%
Magic:  8/8        EV: 19    Int: 16    God:
Gold:   45         SH:  0    Dex: 17    Spells: 5/8 levels left

rFire    . . .     SeeInvis +   a - +1 dagger
rCold    . . .     Gourm    .   (shield restricted)
rNeg     . . .     Faith    .   b - +0 robe
rPois    .         Spirit   .   (helmet restricted)
rElec    .         Reflect  .   (no cloak)
rCorr    .         Harm     .   (gloves unavailable)
MR       .....                  (boots unavailable)
Stlth    +++.......             (no amulet)
HPRegen  0.05/turn              (no ring)
MPRegen  0.11/turn              (no ring)

@: mighty, lethally poisoned (-6 -> -9), slowed, quick
A: very small, unfitting armour, see invisible, herbivore, speed 3, slow
metabolism 2
a: no special abilities


You were on level 2 of the Dungeon.
You were not hungry.

You visited 1 branch of the dungeon, and saw 2 of its levels.

You collected 45 gold pieces.

Inventory:

Hand Weapons
 a - a +1 dagger (weapon)
Armour
 b - a +0 robe (worn)
Jewellery
 c - an uncursed ring of fire {unknown}
Scrolls
 e - a scroll of enchant armour {unknown}
Comestibles
 d - 3 rations


   Skills:
 * Level 2.2 Short Blades
 + Level 3.4 Dodging
 + Level 4.7 Stealth
 + Level 3.1 Spellcasting
 + Level 3.9 Hexes
 + Level 0.0 Ice Magic


You had 5 spell levels left.
You knew the following spells:

 Your Spells              Type           Power        Failure   Level  Hunger
a - Corona                Hex            ###....      3%          1    None
b - Ensorcelled Hibernat  Hex/Ice        #.....       13%         2    ##.....

Your spell library contained the following spells:

 Spells                   Type           Power        Failure   Level  Hunger
 Confuse                  Hex            ###.....     11%         3    ###....
 Tukima's Dance           Hex            ###.....     11%         3    ###....
 Dazzling Spray           Conj/Hex       #.....       26%         3    ###....


Dungeon Overview and Level Annotations

Branches:
Dungeon (2/15)

Altars:

Annotations:
D:2 Jessica


Innate Abilities, Weirdness & Mutations

You are very small and have problems with some larger weapons.
You are too small for most types of armour.
You have supernaturally acute eyesight. (SInv)
You are a herbivore.
You cover ground extremely quickly.
You need to consume almost no food.


Message History

* * * LOW HITPOINT WARNING * * *
You are lethally poisoned!
The adder poisons you!
* * * LOW HITPOINT WARNING * * *
You feel sick. Jessica hits you but does no damage.
Jessica points at you and mumbles some strange words.
You struggle to resist.
The adder misses you.
Jessica mumbles some strange words.
Jessica blinks!
* * * LOW HITPOINT WARNING * * *
You feel sick.
Jessica mumbles some strange words.
Jessica blinks!
The adder completely misses you.
It was a potion of might.
You feel very mighty all of a sudden. Jessica gestures at you while chanting.
Pain shoots through your body!
Ouch! That really hurt!
You die...

..# #.. ...
#.# ##.## @..
#.# ### #@#
..# #S##
#.####
#.g#####....
##§g..#..####
##..§....<.#
#....####?#
#...## ...
#...# ####
#####


You could see an adder, Jessica and 2 goblins.

Vanquished Creatures
  2 dart slugs (D:1)
  4 leopard geckos (D:1)
  A giant cockroach (D:1)
  A goblin (D:1)
  4 hobgoblins (D:1)
  3 bats (D:1)
  2 frilled lizards (D:1)
  4 kobolds (D:1)
  4 rats (D:1)
25 creatures vanquished.

Notes
Turn   | Place    | Note
-------+----------+-------------------------------------------
     0 | D:1      | Mirvelgyr the Spriggan Enchanter began the quest for the Orb.
     0 | D:1      | Reached XP level 1. HP: 9/9 MP: 5/5
   208 | D:1      | Reached XP level 2. HP: 10/13 MP: 6/6
  1077 | D:1      | Learned a level 2 spell: Ensorcelled Hibernation
  1112 | D:1      | Reached XP level 3. HP: 16/16 MP: 8/8
  1410 | D:2      | Noticed Jessica
  1427 | D:2      | Killed from afar by Jessica

Vault maps used:
D:1:      dpeg_arrival_rhombus
D:2:      first_ration, uniq_jessica, uniq_robin

Skill      XL: |  1  2 |
---------------+-------+-----
Spellcasting   | 3 |  3.1
Short Blades   | 2 |  2.2
Dodging        | |  3.4
Stealth        | |  4.7
Hexes          | |  3.9

Action                   || total
-------------------------++-------
Melee: Dagger            ||    96
 Cast: Corona            ||     3
  Use: Potion            ||     1
 Stab: Sleeping          ||    10
Armor: Robe              ||     5
Dodge: Dodged            ||    75

Table legend:
 A = Spawn XP
 B = Non-spawn XP
 C = Spawn XP percentage of total XP
 D = Spawn monster count
 E = Non-spawn monster count
 F = Spawn count percentage of total count
 G = Total turns spent on level
                    A         B        C        D         E        F      G
               +---------+---------+-------+---------+---------+-------+---------
         Total |       0 |      49 |   0.0 |       0 |      25 |   0.0 |  1427
               +---------+---------+-------+---------+---------+-------+---------
           D:1 |       0 |      49 |   0.0 |       0 |      25 |   0.0 |  1410
               +---------+---------+-------+---------+---------+-------+---------
